 Dungeon Crawl Stone Soup version 0.30-a0-760-g5a9884bb7c (webtiles) character file.

Game seed: 16005592202949150563

322492 cheesebisquit the Earth Mage (level 21, -21/134 HPs)
             Began as a Gargoyle Earth Elementalist on Feb 11, 2023.
             Was the Champion of Vehumet.
             Shot with a bolt by a yaktaur captain (30 damage)
             ... on level 3 of the Vaults.
             The game lasted 03:43:32 (57658 turns).

cheesebisquit the Earth Mage (GrEE)                Turns: 57658, Time: 03:43:32

Health: -21/134    AC: 34    Str: 14    XL:     21   Next: 55%
Magic:  15/49      EV: 13    Int: 25    God:    Vehumet [******]
Gold:   2289       SH: 12    Dex: 13    Spells: 12/51 levels left

rFire   . . .      SeeInvis +    N - staff of earth
rCold   . . .      Faith    .    q - +2 kite shield {reflect}
rNeg    + . .      Spirit   .    a - +3 steam dragon scales
rPois   ∞          Reflect  +    r - +2 helmet {SInv}
rElec   +          Harm     .    (no cloak)
rCorr   .          Rampage  .    J - +1 pair of gloves of Duterr {Fly Will+ Dex+3}
Will    ++...                    h - +2 pair of boots
Stlth   +++                      c - amulet of magic regeneration
HPRegen 0.42/turn                E - ring of magical power
MPRegen 0.71/turn                V - ring of wizardry

@: flying, hasted, studying Necromancy, very quick
A: sickness immunity, AC +16, big wings, negative energy resistance 1,
electricity resistance, torment resistance 1, petrification resistance,
screaming 1
}: 2/15 runes: decaying, gossamer
a: Renounce Religion


You were on level 3 of the Vaults.
You worshipped Vehumet.
Vehumet was exalted by your worship.
You visited 7 branches of the dungeon, and saw 34 of its levels.
You also visited: Ossuary, Ice Cave and Volcano.

You collected 3822 gold pieces.
You spent 1533 gold pieces at shops.

Inventory:

Missiles
 m - 6 silver javelins
 v - 37 poisoned darts
 w - 5 curare-tipped darts
 F - 4 atropa-tipped darts
 L - a throwing net
Armour
 a - +3 steam dragon scales (worn)
 h - a +2 pair of boots (worn)
 i - the +1 robe of Kompyox {rF+ Int+2}
   (You found it on level 1 of the Swamp)

   Int:       It affects your intelligence (+2).
   rF:        It protects you from fire.
 q - a +2 kite shield of reflection (worn)
 r - a +2 helmet of see invisible (worn)
 J - the +1 pair of gloves of Duterr (worn) {Fly Will+ Dex+3}
   (You bought it in a shop on level 2 of the Orcish Mines)

   Dex:       It affects your dexterity (+3).
   Fly:       It grants you flight.
   Will:      It increases your willpower.
Magical Staves
 N - a staff of earth (weapon)
Jewellery
 c - an amulet of magic regeneration (around neck)
 n - a ring of resist corrosion
 s - a +5 ring of evasion
 C - a +4 ring of protection
 E - a ring of magical power (left hand)
 M - a ring of positive energy
 O - a ring of positive energy
 V - a ring of wizardry (right hand)
Wands
 k - a wand of polymorph (27)
 A - a wand of charming (17)
 G - a wand of digging (18)
 H - a wand of acid (27)
 R - a wand of mindburst (34)
 S - a wand of iceblast (12)
 W - a wand of flame (23)
Scrolls
 e - a scroll of torment
 l - a scroll of butterflies
 p - 2 scrolls of fog
 x - 2 scrolls of amnesia
 y - 4 scrolls of immolation
 K - 2 scrolls of enchant weapon
 P - a scroll of silence
 U - 7 scrolls of brand weapon
 Y - 6 scrolls of magic mapping
Potions
 b - 6 potions of mutation
 d - 6 potions of resistance
 f - 5 potions of attraction
 g - 9 potions of lignification
 j - 8 potions of might
 o - 2 potions of haste
 z - 2 potions of berserk rage
 B - 7 potions of cancellation
 Q - 17 potions of curing
 T - 4 potions of ambrosia
 X - 3 potions of magic


   Skills:
 + Level 15.0 Fighting
 + Level 13.0 Staves
 - Level 6.1 Armour
 + Level 6.0 Dodging
 - Level 6.8 Stealth
 - Level 7.4 Shields
 + Level 15.6 Spellcasting
 + Level 15.5 Conjurations
 - Level 0.7 Transmutations
 * Level 19.2 Earth Magic
 + Level 12.0 Evocations


You had 12 spell levels left.
You knew the following spells:

 Your Spells              Type           Power      Damage    Failure   Level
a - Sandblast             Erth           100%       2d20      0%          1
b - Stone Arrow           Conj/Erth      100%       3d13      0%          3
c - Iron Shot             Conj/Erth      51%        9d10      1%          6
d - Lee's Rapid Deconstr  Erth           54%        3d25*     1%          5
e - Shatter               Erth           54%        3d41*     26%         9
f - Lehudib's Crystal Sp  Conj/Erth      51%        10d12     4%          8
z - Orb of Destruction    Conj           38%        9d11      1%          7

Your spell library contained the following spells:

 Spells                   Type           Power      Damage    Failure   Level
 Chain Lightning          Conj/Air       27%        3d36      100%        9
 Polar Vortex             Ice            9%         N/A       100%        9
 Momentum Strike          Conj/Tloc      100%       3d10      1%          2
 Passwall                 Tmut/Erth      67%        N/A       1%          2
 Poisonous Vapours        Pois/Air       38%        N/A       1%          2
 Static Discharge         Conj/Air       100%       2-7/arc   1%          2
 Dazzling Flash           Conj/Hex       100%       N/A       1%          3
 Flame Wave               Conj/Fire      55%        2d13      1%          4
 Iskenderun's Mystic Bla  Conj/Tloc      55%        2d12      1%          4
 Petrify                  Tmut/Erth      81%        N/A       1%          4
 Sticky Flame             Conj/Fire      55%        2d7       1%          4
 Arcjolt                  Conj/Air       27%        1d37      1%          5
 Irradiate                Conj/Tmut      28%        3d21      1%          5
 Lightning Bolt           Conj/Air       27%        1d44      1%          5
 Sting                    Tmut/Pois      84%        1d7       2%          1
 Ignite Poison            Fire/Tmut/Pois 20%        N/A       2%          3
 Inner Flame              Hex/Fire       19%        N/A       2%          3
 Blink                    Tloc           38%        N/A       4%          2
 Ensorcelled Hibernation  Hex/Ice        38%        N/A       4%          2
 Lesser Beckoning         Tloc           38%        N/A       4%          2
 Starburst                Conj/Fire      27%        6d9       5%          6
 Olgreb's Toxic Radiance  Pois           19%        N/A       8%          4
 Swiftness                Air            19%        N/A       9%          3
 Vhi's Electric Charge    Tloc/Air       38%        N/A       9%          3
 Animate Dead             Necr           19%        N/A       26%         4
 Cause Fear               Hex            9%         N/A       26%         4
 Passage of Golubria      Tloc           19%        N/A       26%         4
 Agony                    Necr           19%        N/A       56%         5
 Silence                  Hex/Air        9%         N/A       56%         5
 Dragon Form              Tmut           11%        N/A       100%        7
 Haunt                    Necr/Summ      9%         N/A       100%        7
 Discord                  Hex            9%         N/A       100%        8
 Ignition                 Fire           9%         3d5       100%        8
 Infestation              Necr           9%         N/A       100%        8
 Dragon's Call            Summ           9%         N/A       100%        9
 Sublimation of Blood     Necr           Unusable   N/A       N/A         2

Dungeon Overview and Level Annotations

Branches:
Dungeon (15/15)            Temple (1/1) D:4            Lair (5/5) D:8
  Swamp (4/4) Lair:2       Spider (4/4) Lair:2        Slime (0/5) Lair:4
    Orc (2/2) D:9             Elf (0/3) Orc:2        Vaults (3/5) D:13
  Crypt (0/3) Vaults:2     Depths (0/4) D:15        Ossuary (visited)
  IceCv (visited)         Volcano (visited)

Altars:
Ashenzari
Cheibriados
Dithmenos
Elyvilon
Fedhas
Gozag
Hepliaklqana
Kikubaaqudgha
Makhleb
Nemelex Xobeh
Okawaru
Qazlal
Ru
Sif Muna
Trog
Uskayaw
Vehumet
Wu Jian
Xom
Yredelemnul
Zin
The Shining One

Shops:
D:6 (   D:10 (   Orc:2 [=[!   Vaults:1 (

Portals:
Trove: D:12 (give 7 scrolls of fear)

Annotations:
Orc:1 2 transporters
Vaults:3 Saint Roka


Innate Abilities, Weirdness & Mutations

You are immune to sickness and miasma.
Your stone body is resilient. (AC +16)
You are immune to poison.
Your large and strong wings let you fly.
You resist negative energy. (rN+)
You are resistant to electric shocks. (rElec)
You are resistant to unholy torment.
You are immune to petrification.
You occasionally shout uncontrollably at your foes.


Message History

The orc goes into a battle-frenzy!
You feel much better.
Your surroundings suddenly seem different.
Found a mace and a pair of boots.
The ice encasing you melts away.
The sentinel's mark upon you fades away.
You feel yourself speed up.
The vault guard throws a stone.
The stone hits you but does no damage.
Saint Roka mumbles some strange prayers to Beogh against you.
Beogh smites you!
* * * LOW HITPOINT WARNING * * *
The yaktaur captain shouts!
You see here a +0 arbalest.
As you read the scroll of fog, it crumbles to dust.
The scroll dissolves into smoke.
Okay, then.
The air fills with toxic fumes!
As you read the scroll of poison, it crumbles to dust.
Saint Roka calls down the wrath of Beogh upon you.
Beogh smites you!
* * * LOW HITPOINT WARNING * * *
The warg bites you but does no damage.
Saint Roka mumbles some strange prayers to Beogh against you.
Beogh smites you!
* * * LOW HITPOINT WARNING * * *
You feel better. You block the warg's attack.
The vault warden is engulfed in poison gas.
The vault warden looks even sicker.
The vault warden activates a sealing rune.
The vault warden is engulfed in poison gas.
The vault warden looks even sicker.
Saint Roka calls down the wrath of Beogh upon you.
Beogh smites you!
* * * LOW HITPOINT WARNING * * *
Okay, then.
Okay, then.
You feel better.
The yaktaur captain wields a +0 arbalest.
The yaktaur captain shoots a bolt.
The bolt hits you!!
You die...

..o..# .....#. .... #..§oo#
.....#.## ...### #..§..##########
.....#... ...#...#.p.o...........
.....#...#J..#...#.§oc...........
.....# ..... ..'§§§............
.....#############§p§...........[
............§§§§§§§§§...)........
........h...§§§§@h§§§§...........
.....####################'#######
.....###### ...# )....#....####
....# .....#.##.#..# ......#
)....'.##.#..# ......#
.....#.)..##'## ......#
.....##'##....# '#
..)..##..'.##.#


You could see Saint Roka, a vault warden (very poisoned), a yaktaur captain, a
vault guard, a warg, 2 orc warriors and an orc.

Vanquished Creatures
  Margery (Vaults:3)
  A bone dragon (Swamp:4)
  Jorgrun (Spider:1)
  Mlioglotl (Swamp:2)
  A sphinx (Vaults:1)
  A thorn hunter (Swamp:3)
  Kirke (Swamp:3)
  Donald (Orc:2)
  A fenstrider witch (Swamp:3)
  An emperor scorpion (Spider:3)
  8 vault wardens
  2 ghost moths
  9 ironbound preservers
  An orc warlord (Orc:1)
  A war gargoyle (Vaults:3)
  4 broodmothers (Spider:4)
  2 ironbound thunderhulks
  6 eleionomae
  9 dire elephants (Vaults:1)
  4 bunyips
  2 spark wasps (Spider:4)
  5 yaktaur captains
  A crystal guardian (Vaults:1)
  An ettin (Vaults:1)
  2 great orbs of eyes (Vaults:3)
  Erolcha (Orc:2)
  Josephine (D:13)
  An entropy weaver (Spider:3)
  A fire dragon (Lair:5)
  12 hydras
  19 vault guards
  A peacekeeper (Vaults:1)
  4 ogre magi
  2 ghost crabs
  4 radroaches
  A quicksilver dragon skeleton (D:15)
  7 boulder beetles
  5 centaur warriors
  7 ironbound frosthearts
  13 alligators
  A catoblepas (Lair:4)
  2 jorogumos
  2 death knights (Vaults:2)
  13 two-headed ogres
  4 death yaks
  An orc high priest (Orc:2)
  5 hell knights
  2 skeletal warriors (D:15)
  A spark wasp zombie (D:15)
  4 goliath frogs
  4 sun moths
  A shadow wraith (Vaults:2)
  8 pharaoh ants
  33 deep trolls
  A flayed ghost (D:15)
  A spriggan druid (Swamp:1)
  4 steelbarb worms
  2 spectral hydras (Swamp:4)
  10 lindwurms
  9 orb spiders
  9 bog bodies
  2 wizards
  5 necromancers
  An orc knight (D:15)
  9 orc sorcerers (Orc:2)
  9 ironbound convokers
  A deep elf pyromancer (D:15)
  2 cyclopes
  22 wolf spiders
  2 moths of wrath (Spider:2)
  7 ugly things
  7 will-o-the-wisps
  4 manticores
  An iron dragon skeleton (D:15)
  A guardian serpent (Lair:5)
  A black mamba (shapeshifter) (D:13)
  9 elephants
  9 demonic crawlers
  An ice statue (IceCv)
  10 black mambas
  16 vault sentinels
  4 gargoyles
  8 torpor snails
  18 cane toads
  11 komodo dragons
  29 yaktaurs
  4 rime drakes
  A kobold demonologist (D:13)
  5 swamp worm zombies (Swamp:4)
  An efreet (D:15)
  2 unseen horrors
  3 anaconda simulacra (IceCv)
  2 freezing wraiths (IceCv)
  13 ice devils (IceCv)
  6 bloated husks
  6 meliai
  6 hydra zombies (Swamp:4)
  6 trolls
  25 tarantellas
  17 blink frogs
  10 hornets
  Grinder (D:5)
  16 tyrant leeches
  3 spectral swamp dragons (Swamp:4)
  6 dream sheep
  3 alligator zombies (Swamp:4)
  41 slime creatures
  17 culicivoras
  4 spriggans
  23 jumping spiders
  A shadow (D:11)
  59 yaks
  14 wyverns
  5 wraiths
  A vampire (D:10)
  2 steam dragons
  41 redbacks
  7 hogs
  14 vampire mosquitoes
  6 death yak simulacra (IceCv)
  3 basilisks
  A warg (Vaults:3)
  A glowing shapeshifter zombie (D:15)
  2 harpy simulacra (IceCv)
  13 swamp worms
  32 water moccasins
  A hydra simulacrum (IceCv)
  A swamp drake (Swamp:2)
  2 sky beasts
  22 orc warriors
  3 black bears
  11 ogres
  A swamp dragon zombie (Swamp:4)
  11 wolves
  10 centaurs
  6 phantoms
  2 kobold brigands
  8 bullfrogs
  3 scorpions
  A gnoll sergeant (D:12)
  4 cane toad simulacra (IceCv)
  A necrophage (D:8)
  2 water moccasin zombies (Ossuary)
  2 two-headed ogre simulacra (IceCv)
  5 wights (D:9)
  4 elephant simulacra (IceCv)
  4 hounds
  11 jellies
  16 orc priests
  6 gnoll boudas
  2 human skeletons (D:4)
  2 iguanas
  A spectral swamp drake (Swamp:4)
  32 orc wizards
  7 hell rats (Lair:2)
  4 polar bear simulacra (IceCv)
  2 troll simulacra (IceCv)
  2 wolf simulacra (IceCv)
  An ogre zombie (D:8)
  2 mummies (Ossuary)
  19 gnolls
  2 swamp drake zombies (Swamp:4)
  5 adders
  A shadow imp (D:3)
  A white imp (D:6)
  2 ufetubi (IceCv)
  5 adder zombies (Ossuary)
  3 worms
  3 dart slugs
  83 orcs
  6 bats
  10 endoplasms
  4 giant cockroaches
  A gnoll zombie (Ossuary)
  6 goblins
  5 hobgoblins
  8 quokkas
  5 ball pythons
  2 frilled lizards
  8 hobgoblin zombies (Ossuary)
  14 kobolds
  5 kobold zombies (Ossuary)
  3 orc skeletons (D:4)
  6 orc zombies
  9 rats
1283 creatures vanquished.

Vanquished Creatures (others)
  A ghost crab (Swamp:4)
  A phantasmal warrior (Swamp:4)
  A hornet (Swamp:4)
  2 bloated husks
  A tarantella (Spider:4)
  A culicivora (Spider:4)
  A jumping spider (Spider:1)
  A spriggan (Swamp:2)
  4 phantoms (Swamp:4)
  A bush (Lair:5)
  8 foxfires (Swamp:3)
  47 fungi
  82 plants
  3 withered plants (D:15)
154 creatures vanquished.

Grand Total: 1437 creatures vanquished

Notes
Turn   | Place    | Note
-------+----------+-------------------------------------------
     0 | D:1      | cheesebisquit the Gargoyle Earth Elementalist began the
                  | quest for the Orb.
     0 | D:1      | Reached XP level 1. HP: 10/10 MP: 3/3
   179 | D:1      | Reached skill level 4 in Earth Magic
   179 | D:1      | Reached XP level 2. HP: 15/15 MP: 3/5
   463 | D:1      | Reached XP level 3. HP: 19/19 MP: 3/6
  1134 | D:2      | Reached skill level 5 in Earth Magic
  1316 | D:2      | Reached XP level 4. HP: 24/24 MP: 6/8
  2499 | D:3      | Found an opulent altar of Gozag.
  2710 | D:3      | Learned a level 3 spell: Stone Arrow
  3123 | D:4      | Reached XP level 5. HP: 28/28 MP: 3/9
  3125 | D:4      | Found a staircase to the Ecumenical Temple.
  3133 | Temple   | Entered the Ecumenical Temple
  3177 | Temple   | Became a worshipper of Vehumet
  3234 | D:4      | Reached skill level 1 in Conjurations
  3234 | D:4      | Reached skill level 6 in Earth Magic
  3264 | D:4      | Found a sand-covered staircase.
  3271 | Ossuary  | Entered an ossuary
  3558 | Ossuary  | Reached * piety under Vehumet
  3558 | Ossuary  | Offered knowledge of Magic Dart by Vehumet.
  3562 | Ossuary  | Reached XP level 6. HP: 26/32 MP: 5/11
  3803 | D:4      | Reached skill level 7 in Earth Magic
  4599 | D:5      | Entered Level 5 of the Dungeon
  4730 | D:5      | Reached XP level 7. HP: 34/36 MP: 9/12
  4738 | D:5      | Offered knowledge of Foxfire by Vehumet.
  4931 | D:5      | Identified the +2 robe of Nauxki {Str+5}
  4987 | D:5      | Reached ** piety under Vehumet
  5214 | D:5      | Reached skill level 8 in Earth Magic
  5466 | D:5      | Found a hazy altar of Hepliaklqana.
  5952 | D:6      | Noticed Grinder
  6131 | D:5      | Reached XP level 8. HP: 41/41 MP: 11/14
  6211 | D:6      | Paralysed by Grinder for 2 turns
  6219 | D:5      | Killed Grinder
  6220 | D:5      | Reached skill level 9 in Earth Magic
  6370 | D:6      | Reached skill level 5 in Spellcasting
  6500 | D:6      | Reached skill level 1 in Fighting
  6500 | D:6      | Reached skill level 1 in Shields
  6686 | D:6      | Offered knowledge of Ignite Poison by Vehumet.
  6830 | D:6      | Found an iron altar of Okawaru.
  6948 | D:6      | Reached skill level 5 in Conjurations
  6955 | D:6      | Found Jiashrem's Antique Weapon Boutique.
  6976 | D:6      | Reached skill level 10 in Earth Magic
  6990 | D:6      | Reached XP level 9. HP: 48/48 MP: 15/17
  7356 | D:7      | Found a shimmering altar of Xom.
  7366 | D:7      | Reached *** piety under Vehumet
  8440 | D:8      | Noticed an elephant
  8440 | D:8      | Found a staircase to the Lair.
  8440 | D:8      | You fall into a shaft and drop 2 floors!
  8440 | D:10     | Entered Level 10 of the Dungeon
  8983 | D:9      | Offered knowledge of Inner Flame by Vehumet.
  8985 | D:9      | Reached skill level 11 in Earth Magic
  9133 | D:8      | Killed an elephant
  9134 | D:8      | Reached XP level 10. HP: 56/56 MP: 15/19
  9269 | D:8      | Found a transporter.
  9326 | D:8      | Found a transporter.
  9520 | D:9      | Reached skill level 1 in Armour
  9710 | D:9      | Reached skill level 12 in Earth Magic
  9860 | D:9      | Found a staircase to the Orcish Mines.
  9865 | D:9      | Reached **** piety under Vehumet
  9913 | D:9      | Reached skill level 5 in Fighting
 10148 | D:9      | Offered knowledge of Flame Wave by Vehumet.
 10384 | D:9      | Reached skill level 1 in Staves
 10393 | D:9      | Reached skill level 1 in Evocations
 10680 | D:9      | Found an ornate altar of the Wu Jian Council.
 10885 | D:10     | Found Eharetz's Antique Weapon Shoppe.
 10919 | D:10     | Noticed a manticore
 10924 | D:10     | Killed a manticore
 10991 | D:10     | Noticed a two-headed ogre
 10996 | D:10     | Killed a two-headed ogre
 10997 | D:10     | Reached XP level 11. HP: 64/64 MP: 10/21
 12302 | D:11     | Noticed a two-headed ogre
 12308 | D:11     | Killed a two-headed ogre
 13412 | D:12     | Reached skill level 13 in Earth Magic
 13599 | D:12     | Found a portal to a secret trove of treasure.
 14027 | D:12     | Noticed a brown ugly thing
 14030 | D:12     | Killed a brown ugly thing
 14372 | D:12     | Reached ***** piety under Vehumet
 14375 | D:12     | Offered knowledge of Iron Shot by Vehumet.
 14583 | D:12     | Learned a level 6 spell: Iron Shot
 14699 | Lair:1   | Entered Level 1 of the Lair of Beasts
 14807 | Lair:1   | Reached skill level 5 in Armour
 14939 | Lair:1   | Reached XP level 12. HP: 72/72 MP: 8/23
 15166 | Lair:1   | Found a shimmering blue altar of Sif Muna.
 15817 | Lair:2   | Found a hole to the Spider Nest.
 16357 | Lair:2   | Noticed a death yak
 16357 | Lair:2   | Noticed a death yak
 16357 | Lair:2   | Noticed a death yak
 16361 | Lair:2   | Killed a death yak
 16364 | Lair:2   | Found a frozen archway.
 16370 | IceCv    | Entered an ice cave
 17135 | IceCv    | Reached skill level 5 in Staves
 17470 | IceCv    | Found an ancient bone altar of Kikubaaqudgha.
 18141 | IceCv    | Reached skill level 5 in Evocations
 18246 | IceCv    | Reached skill level 5 in Shields
 18592 | IceCv    | Reached XP level 13. HP: 78/78 MP: 23/26
 18630 | IceCv    | Reached skill level 14 in Earth Magic
 19805 | Lair:2   | Found a staircase to the Swamp.
 20441 | Lair:3   | You fall into a shaft and drop 1 floor!
 20635 | Lair:4   | Offered knowledge of Fulminant Prism by Vehumet.
 21292 | Lair:3   | Reached skill level 10 in Conjurations
 21546 | Lair:3   | Reached skill level 10 in Spellcasting
 23380 | Lair:4   | Gained mutation: Your large and strong wings let you fly.
                  | [Gargoyle growth]
 23380 | Lair:4   | Reached XP level 14. HP: 86/86 MP: 23/28
 25738 | Lair:4   | Found a staircase to the Slime Pits.
 25874 | Lair:5   | Entered Level 5 of the Lair of Beasts
 26713 | Lair:5   | Offered knowledge of Lee's Rapid Deconstruction by Vehumet.
 26721 | Lair:5   | Learned a level 5 spell: Lee's Rapid Deconstruction
 27329 | Lair:5   | Reached skill level 15 in Earth Magic
 28165 | Lair:5   | Reached skill level 10 in Fighting
 28699 | Lair:5   | Found a runed translucent door.
 29361 | Lair:5   | Offered knowledge of Eringya's Noxious Bog by Vehumet.
 29444 | Lair:5   | Reached XP level 15. HP: 92/92 MP: 26/30
 30358 | Orc:1    | Entered Level 1 of the Orcish Mines
 31158 | Orc:1    | Found a transporter.
 31160 | Orc:1    | Found a transporter.
 31321 | Orc:1    | Found a transporter.
 31323 | Orc:1    | Found a transporter.
 31633 | Orc:2    | Entered Level 2 of the Orcish Mines
 31644 | Orc:2    | Paralysed by an orc sorcerer for 5 turns
 31891 | Orc:2    | Found a staircase to the Elven Halls.
 31978 | Orc:2    | Noticed an orc warlord
 31991 | Orc:1    | Killed an orc warlord
 32247 | Orc:2    | Found a dark tunnel.
 32256 | Volcano  | Entered a volcano
 32294 | Volcano  | Found a bloodstained altar of Trog.
 32734 | Orc:2    | Found Ozxou's Distillery.
 32797 | Orc:2    | Found an ancient bone altar of Kikubaaqudgha.
 33175 | Orc:2    | Found Pumi Loe's Antique Armour Boutique.
 33226 | Orc:2    | Noticed Donald
 33382 | Orc:2    | Killed Donald
 33419 | Orc:2    | Noticed Erolcha
 33556 | Orc:2    | Killed Erolcha
 33810 | Orc:2    | Found Furchimu's Jewellery Boutique.
 33868 | Orc:2    | Found a radiant altar of Vehumet.
 33885 | Orc:2    | Bought a runed helmet for 262 gold pieces
 33892 | Orc:2    | Bought a pair of glowing boots for 262 gold pieces
 34045 | Orc:2    | Bought a potion of heal wounds for 75 gold pieces
 34045 | Orc:2    | Bought a potion of resistance for 150 gold pieces
 34045 | Orc:2    | Bought a potion of cancellation for 120 gold pieces
 34045 | Orc:2    | Bought a potion of curing for 45 gold pieces
 34045 | Orc:2    | Bought 2 potions of lignification for 90 gold pieces
 34051 | Orc:2    | Found Peffu's Antique Armour Shop.
 34059 | Orc:2    | Bought a pair of polished gloves for 304 gold pieces
 34059 | Orc:2    | Identified the +1 pair of gloves of Duterr {Fly Will+
                  | Dex+3} (You bought it in a shop on level 2 of the Orcish
                  | Mines)
 34266 | Orc:2    | Bought a ring of see invisible for 225 gold pieces
 34813 | D:13     | Noticed Josephine
 34817 | D:13     | Killed Josephine
 34942 | D:13     | Found a gate to the Vaults.
 35706 | D:14     | Reached XP level 16. HP: 100/100 MP: 32/32
 35878 | D:14     | Reached skill level 16 in Earth Magic
 35878 | D:14     | Reached XP level 17. HP: 104/104 MP: 33/33
 35879 | D:14     | Reached XP level 18. HP: 110/110 MP: 35/35
 36883 | D:15     | Entered Level 15 of the Dungeon
 37070 | D:15     | Found a shadowy altar of Dithmenos.
 37135 | D:15     | Offered knowledge of Orb of Destruction by Vehumet.
 37362 | D:15     | Learned a level 7 spell: Orb of Destruction
 37416 | D:15     | Found a staircase to the Depths.
 38261 | Spider:1 | Entered Level 1 of the Spider Nest
 39513 | Spider:1 | Noticed Jorgrun
 39520 | Spider:1 | Killed Jorgrun
 39521 | Spider:1 | Reached skill level 10 in Staves
 40340 | Spider:2 | Reached skill level 5 in Dodging
 40433 | Spider:2 | Identified the +6 short sword of Melee {protect, rC+ rCorr
                  | Dex+3}
 41004 | Spider:3 | Offered knowledge of Freezing Cloud by Vehumet.
 41431 | Spider:3 | Reached skill level 5 in Stealth
 42288 | Spider:4 | Entered Level 4 of the Spider Nest
 42290 | Spider:4 | Reached skill level 17 in Earth Magic
 42639 | Spider:4 | Reached XP level 19. HP: 103/117 MP: 16/37
 42720 | Spider:4 | Learned a level 8 spell: Lehudib's Crystal Spear
 43832 | Spider:4 | Reached skill level 10 in Evocations
 44053 | Spider:4 | Reached ****** piety under Vehumet
 44053 | Spider:4 | Offered knowledge of Maxwell's Capacitive Coupling by
                  | Vehumet.
 44144 | Spider:4 | Got a gossamer rune of Zot
 44872 | Swamp:1  | Entered Level 1 of the Swamp
 45021 | Swamp:1  | Identified the +1 robe of Kompyox {rF+ Int+2}
 45818 | Swamp:2  | Noticed Mlioglotl
 46849 | Swamp:2  | Gained mutation: You occasionally shout uncontrollably at
                  | your foes. [a neqoxec]
 46850 | Swamp:2  | Killed Mlioglotl
 47257 | Swamp:3  | Noticed Kirke
 47519 | Swamp:3  | Killed Kirke
 48375 | Swamp:4  | Entered Level 4 of the Swamp
 48481 | Swamp:3  | Offered knowledge of Shatter by Vehumet.
 48481 | Swamp:3  | Offered knowledge of Chain Lightning by Vehumet.
 48481 | Swamp:3  | Offered knowledge of Polar Vortex by Vehumet.
 48492 | Swamp:3  | Learned a level 9 spell: Shatter
 48727 | Swamp:4  | Reached XP level 20. HP: 125/125 MP: 30/38
 48940 | Swamp:4  | Reached skill level 18 in Earth Magic
 49292 | Swamp:4  | Noticed a bone dragon
 49310 | Swamp:4  | Killed a bone dragon
 49389 | Swamp:4  | Got a decaying rune of Zot
 50000 | Vaults:1 | Entered Level 1 of the Vaults
 50013 | Vaults:1 | Found Hidaulamn's Antique Weapon Shoppe.
 50784 | Vaults:1 | Reached skill level 15 in Spellcasting
 52703 | Vaults:2 | Found a staircase to the Crypt.
 53218 | Vaults:2 | You are sucked into a shaft and drop 1 floor!
 53553 | Vaults:1 | Reached skill level 15 in Conjurations
 54131 | Vaults:2 | Reached XP level 21. HP: 132/132 MP: 40/40
 55719 | Vaults:2 | Found a staircase to the Crypt.
 55805 | Vaults:3 | Noticed Saint Roka
 56324 | Vaults:3 | Noticed Margery
 56328 | Vaults:3 | Reached skill level 19 in Earth Magic
 56631 | Vaults:3 | Killed Margery
 57312 | Vaults:3 | Reached skill level 15 in Fighting
 57654 | Vaults:3 | HP: 6/134 [Saint Roka/divine providence (15)]
 57657 | Vaults:3 | HP: 1/134 [Saint Roka/divine providence (13)]
 57658 | Vaults:3 | Shot with a bolt by a yaktaur captain

Illustrated notes

Levels and vault maps discovered:
D:1:      dpeg_arrival_windows_large_door, layout_basic
D:2:      layout_loops_ring, minmay_indecisive_spiral
D:3:      layout_loops_corners, lemuel_coloured_pillars_altar
D:4:      layout_cave_pods, minmay_temple_entry_large_hall,
          nicolae_ossuary_entry_catacombs
D:5:      layout_basic, mainiacjoe_overflow_alcove_2
D:6:      layout_gridville, okawaru_gym_becter, serial_shops,
          nicolae_shop_overgrown_old_shop, uniq_grinder
D:7:      layout_loops_corners, minmay_ruined_shrine
D:8:      gammafunk_cloud_chamber, layout_rooms, david_lair_generic
D:9:      kennysheep_seaside_town, layout_irregular_city,
          nicolae_wu_jian_immortal_techniques, david_orc_2
D:10:     layout_basic, serial_shops, nicolae_shop_crystal,
          nicolae_elevator_lobby_asterisk
D:11:     layout_big_octagon
D:12:     layout_layer_cave, nicolae_trove_entry_crystal
D:13:     layout_cave_pools, erik_vaults_2, uniq_josephine
D:14:     layout_layer_cave, small_statue_intersection
D:15:     gammafunk_depths_entry_grave, layout_rooms, nicolae_twisting_strands,
          nicolae_dithmenos_the_darkroom
Temple:   nicolae_temple_no_exploring_needed
Lair:1:   layout_misc_corridors, basic_altar, chequers_serial_rivers_room_a,
          minmay_holes, nicolae_quartered_pool_super, serial_bayou_shore_b,
          infiniplex_staircase_pool_2
Lair:2:   layout_big_grid, skrybe_swamp_entry_bodies,
          spider_nest_entry_web_field, portal_ice_cave_rime
Lair:3:   layout_chaotic_city, grunt_megastairs_4
Lair:4:   layout_cave_shapes, minmay_slime_entry_jelly_boxes, nzn_random_ring
Lair:5:   hangedman_lair_tendril_chambers, layout_cave_pods, wormcave
Swamp:1:  layout_basic_swamp, hangedman_swamp_ruin_hall,
          infiniplex_staircase_pool
Swamp:2:  layout_falls_marsh, hangedman_swamp_lotus, uniq_mlioglotl
Swamp:3:  layout_basic_swamp, nicolae_swamp_little_swirl, uniq_kirke
Swamp:4:  swamp_pestilence, layout_basic_swamp
Spider:1: layout_spider_delve, uniq_jorgrun
Spider:2: layout_spider_delve
Spider:3: nicolae_spider_hilbert_zone_3 [nicolae_spider_hilbert_4_sides_2_open,
          nicolae_spider_hilbert_3_sides_1_open,
          nicolae_spider_hilbert_3_sides_1_open,
          nicolae_spider_hilbert_3_sides_1_open,
          nicolae_spider_hilbert_3_sides_1_open,
          nicolae_spider_hilbert_4_sides_1_open,
          nicolae_spider_hilbert_4_sides_1_open,
          nicolae_spider_hilbert_4_sides_1_open,
          nicolae_spider_hilbert_4_sides_1_open,
          nicolae_spider_hilbert_4_sides_1_open,
          nicolae_spider_hilbert_4_sides_1_open,
          nicolae_spider_hilbert_4_sides_1_open,
          nicolae_spider_hilbert_4_sides_1_open,
          nicolae_spider_hilbert_3_sides_1_open,
          nicolae_spider_hilbert_3_sides_1_open,
          nicolae_spider_hilbert_3_sides_1_open,
          nicolae_spider_hilbert_3_sides_1_open]
Spider:4: hellmonk_spider_rune_endless_swarm, nicolae_spider_solar_radiation
Orc:1:    gammafunk_beogh_shrine, layout_diamond_mine
Orc:2:    kennysheep_orc_mage_school, layout_caves,
          nicolae_volcano_entry_hallway, uniq_donald
Vaults:1: hangedman_vaults_corner, hangedman_vaults_corner_blocks, v_rooms_2,
          vaults_room_semicircle, nicolae_vaults_quartermaster,
          grunt_vaults_funnel, v_misc_4, nicolae_vaults_little_squares_4,
          nicolae_vaults_gold_heap, vaults_dpeg_hooks,
          vaults_room_stairs_pillars, vaults_dpeg_encased_lava,
          layout_vaults_ring, serial_shops, nicolae_shop_hallway_stairs
Vaults:2: v_misc_28, vaults_standard_mumra_x, hangedman_vaults_slither,
          hangedman_vaults_river_flow, nicolae_vaults_holding_cells, v_misc_24,
          blue_anna_dwarven_crypt, ontoclasm_vaults_pinch, nicolae_vaults_theta,
          layout_vaults_chaotic_city
Vaults:3: v_rooms_4, nicolae_vaults_angled_halls, v_misc_30, v_misc_27,
          v_misc_9, v_misc_2, ontoclasm_vaults_spin,
          nicolae_vaults_statue_guard, nicolae_vaults_little_squares_4,
          layout_vaults_quadrants, uniq_margery, uniq_saint_roka

Skill      XL: |  1  2  3  4  5  6  7  8  9 10 11 12 13 14 15 16 17 18 19 20 21 |
---------------+----------------------------------------------------------------+-----
Earth Magic    | 4 5 6 7 8 10 11 12 13 14 15 16 17 18 19 | 19.2
Spellcasting   | 3 4 5 6 7 9 10 11 12 13 14 15 | 15.6
Conjurations   | 1 2 3 5 6 7 8 9 10 11 12 13 14 15 | 15.5
Fighting       | 1 4 5 7 8 9 10 11 12 13 14 15 | 15.0
Shields        | 2 4 5 6 7 |  7.4
Armour         | 3 5 6 |  6.1
Staves         | 2 3 5 6 7 8 9 10 11 12 13 | 13.0
Evocations     | 1 3 5 6 7 8 9 10 11 12 | 12.0
Dodging        | 2 4 5 6 |  6.0
Stealth        | 3 4 5 6 |  6.8
Transmutations | |  0.7

Action                     |  1- 3 |  4- 6 |  7- 9 | 10-12 | 13-15 | 16-18 | 19-21 || total
---------------------------+-------+-------+-------+-------+-------+-------+-------++-------
  Melee: Unarmed           |     1 |       |       |     1 |       |       |       ||     2
         Flail             |       |       |     5 |       |       |       |       ||     5
         Staff             |       |       |       |    86 |   213 |    10 |    96 ||   405
  Throw: Javelin           |       |       |       |       |       |       |     4 ||     4
   Cast: Sandblast         |    51 |   128 |   137 |    37 |       |       |       ||   353
         Stone Arrow       |       |       |    23 |   344 |   199 |       |       ||   566
         Iron Shot         |       |       |       |     5 |   409 |   287 |   600 ||  1301
         Orb of Destructio |       |       |       |       |       |     2 |   159 ||   161
         Lee's Rapid Decon |       |       |       |       |       |       |    29 ||    29
         Lehudib's Crystal |       |       |       |       |       |       |     1 ||     1
  Evoke: Wand              |       |       |       |     5 |       |       |       ||     5
    Use: Scroll            |       |     7 |     5 |    15 |    18 |     7 |    14 ||    66
         Potion            |       |       |     3 |    28 |    12 |     5 |    11 ||    59
 Armour: Robe              |     7 |    15 |    29 |       |       |       |       ||    51
         Steam dragon scal |       |       |    14 |   117 |   155 |    67 |   180 ||   533
         Skin              |       |       |       |     8 |       |       |       ||     8
  Dodge: Dodged            |    10 |    40 |    76 |   183 |   230 |    66 |   150 ||   755
  Block: Buckler           |       |       |     7 |    90 |       |       |       ||    97
         Kite shield       |       |       |       |    29 |   207 |    82 |   186 ||   504
         Reflection        |       |       |       |       |       |    17 |    30 ||    47

Table legend: (Time is in decaauts)
 A = Elapsed time spent in this place.
 B = Non-inter-level travel time spent in this place.
 C = Inter-level travel time spent in this place.
 D = Time resting spent in this place.
 E = Time spent auto-exploring this place.
 F = Levels seen in this place.
 G = Mean time per level.
                   A        B        C        D        E       F      G
               +--------+--------+--------+--------+--------+-----+--------+
         Total |  57787 |  53956 |   3831 |  15043 |  31065 |  37 | 1561.8 |
       Dungeon |  18543 |  16880 |   1663 |   3076 |  11452 |  15 | 1236.2 |
        Temple |     51 |     39 |     12 |      0 |     37 |   1 |   51.0 |
          Lair |  13025 |  12111 |    914 |   4479 |   6107 |   5 | 2605.0 |
         Swamp |   4924 |   4571 |    353 |   1429 |   2346 |   4 | 1231.0 |
   Spider Nest |   6515 |   6205 |    310 |   1756 |   3639 |   4 | 1628.8 |
  Orcish Mines |   3288 |   3115 |    173 |   1204 |   1536 |   2 | 1644.0 |
        Vaults |   7650 |   7246 |    404 |   1381 |   4716 |   3 | 2550.0 |
       Ossuary |    546 |    546 |      0 |      0 |    453 |   1 |  546.0 |
      Ice Cave |   2864 |   2864 |      0 |   1586 |    655 |   1 | 2864.0 |
       Volcano |    377 |    377 |      0 |    130 |    124 |   1 |  377.0 |
               +--------+--------+--------+--------+--------+-----+--------+

Top non-repeatable levels by time:
  Lair:4: 4385 daAuts
Vaults:2: 3399 daAuts
  Lair:5: 3384 daAuts
   IceCv: 2864 daAuts
Vaults:1: 2345 daAuts
     D:9: 2290 daAuts
Spider:4: 2175 daAuts
   Orc:2: 2075 daAuts
Spider:1: 2043 daAuts
  Lair:3: 1951 daAuts
Vaults:3: 1906 daAuts
    D:12: 1864 daAuts
  Lair:2: 1825 daAuts
     D:5: 1667 daAuts
    D:14: 1625 daAuts
